 Dungeon Crawl Stone Soup version 0.17.1-2-g5865329 (webtiles) character file.

210 uggwar the Insei (level 5, 0/39 HPs)
             Began as a Demigod Transmuter on Jan 10, 2016.
             Shot with an arrow by a centaur (7 damage)
             ... on level 3 of the Dungeon.
             The game lasted 00:18:16 (3841 turns).

uggwar the Insei (Demigod Transmuter)               Turns: 3841, Time: 00:18:16

Health: 0/39       AC:  2    Str: 13    XL:     5   Next: 30%
Magic:  4/10       EV: 12    Int: 17    God:
Gold:   191        SH:  0    Dex: 18    Spells: 3 memorised, 1 level left

rFire  . . .     SeeInvis .       - Unarmed
rCold  . . .     Clarity  .     b - +0 robe
rNeg   . . .     SustAt   +     (no shield)
rPois  .         Gourm    .     (no helmet)
rElec  .         Spirit   .     (no cloak)
rCorr  .         Warding  .     (no gloves)
rMut   .         Stasis   .     (no boots)
MR     .....                    (no amulet)
Stlth  ++........               (no ring)
                                (no ring)

@: very slightly contaminated, not resistant to hostile enchantments, unstealthy
A: high mp 1, sustain attributes
a: no special abilities


You were on level 3 of the Dungeon.
You were not hungry.

You visited 1 branch of the dungeon, and saw 4 of its levels.

You collected 191 gold pieces.

Inventory:

Missiles
 p - 7 tomahawks of returning (quivered)
Armour
 b - a +0 robe (worn)
 n - a +2 shield
Jewellery
 i - an uncursed ring of fire
Wands
 h - a wand of lightning (5)
Scrolls
 e - 3 scrolls of identify
 l - a scroll of fear {unknown}
 m - 3 scrolls of recharging
 o - 2 scrolls of teleportation
Potions
 a - a potion of resistance {unknown}
 g - a potion of brilliance {unknown}
 k - a potion of curing {unknown}
Books
 c - a book of Changes

   Spells                             Type                      Level
   a - Beastly Appendage              Transmutation                1
   b - Sticks to Snakes               Transmutation                2
   c - Spider Form                    Transmutation/Poison         3
   d - Ice Form                       Ice/Transmutation            4
   e - Blade Hands                    Transmutation                5
Comestibles
 d - 3 bread rations
 f - 2 meat rations
 j - 3 beef jerkies


   Skills:
 - Level 0.8 Fighting
 - Level 1.7 Dodging
 + Level 5.1 Unarmed Combat
 - Level 1.7 Spellcasting
 + Level 2.5 Transmutations
 - Level 1.2 Poison Magic


You had one spell level left.
You knew the following spells:

 Your Spells              Type           Power        Failure   Level  Hunger
a - Beastly Appendage     Trmt           ##....       10%         1    #......
b - Sticks to Snakes      Trmt           ##........   12%         2    ###....
c - Spider Form           Trmt/Pois      #.........   30%         3    ###....


Dungeon Overview and Level Annotations

Branches:
Dungeon (4/15)
 Temple: D:4-7

Annotations:
D:3 exclusion: water moccasin, Sigmund


Innate Abilities, Weirdness & Mutations

You have an increased reservoir of magic (+10% MP).
Your attributes are resistant to harm.


Message History

Casting: Beastly Appendage
Confirm with . or Enter, or press ? or * to list all spells.
You miscast Spider Form.
You are very lightly contaminated with residual magic.
Your hair momentarily turns into snakes!
You are near starving!
The centaur shouts!
The centaur wields a shortbow.
The centaur shoots an arrow.
The arrow hits you!
Casting: Spider Form
Confirm with . or Enter, or press ? or * to list all spells.
You miscast Spider Form.
Wisps of poison gas drift from your hands.
The centaur shoots an arrow.
The arrow hits you.
Eat which item? (? for menu, Esc to quit)
The centaur shoots an arrow.
The arrow hits you!
The centaur shoots an arrow.
The arrow hits you!
* * * LOW HITPOINT WARNING * * *
You continue eating.
The centaur shoots an arrow.
The arrow hits you!
You die...

#.รท.............#
#.#############.#
################...<#...#
#.#
...............#..###.#.#
#.##
##############.#......#.#
#... #.#.######.#########
#.#...c...........##
#.#......(.######.##
#.#@######## #.## #.#.#
#### #.## #.#.# #...#
+... ####### #.#.#
.....##.##
####.....#####.#.#####
......#.##
...'.....'...........#
g._.....##
####.....#####.#.....#
(#.## #.....# #.####..##
.##.# #.....# #....'...##
.###.#


You could see a centaur.

Vanquished Creatures
  2 hounds (D:4)
  An iguana (D:4)
  A worker ant (D:4)
  3 adders
  2 worms (D:4)
  A giant gecko (D:4)
  4 bats
  A giant cockroach (D:1)
  10 goblins
  5 hobgoblins
  7 jackals
  2 ball pythons
  4 giant newts
  3 kobolds (D:1)
  7 rats
53 creatures vanquished.

Vanquished Creatures (collateral kills)
  An adder (D:2)
  2 worms (D:2)
  A giant cockroach (D:2)
  A rat (D:2)
5 creatures vanquished.

Vanquished Creatures (others)
  5 toadstools (D:1)
5 creatures vanquished.

Grand Total: 63 creatures vanquished

Notes
Turn   | Place    | Note
--------------------------------------------------------------
     0 | D:1      | uggwar the Demigod Transmuter began the quest for the Orb.
     0 | D:1      | Reached XP level 1. HP: 15/15 MP: 5/5
   147 | D:1      | Reached skill level 3 in Unarmed Combat
   293 | D:1      | Reached XP level 2. HP: 19/22 MP: 5/7
   297 | D:1      | Learned a level 2 spell: Sticks to Snakes
   837 | D:2      | Found a shimmering altar of Xom.
   837 | D:2      | Found a shimmering altar of Xom.
   994 | D:1      | Reached skill level 4 in Unarmed Combat
   994 | D:1      | Reached XP level 3. HP: 8/27 MP: 1/8
  1424 | D:2      | Found a shimmering altar of Xom.
  1617 | D:2      | Found a glowing golden altar of the Shining One.
  2249 | D:3      | Found a snail-covered altar of Cheibriados.
  2269 | D:3      | Noticed a water moccasin
  2323 | D:3      | Noticed Sigmund
  2334 | D:3      | Found a sacrificial altar of Ru.
  2465 | D:4      | Reached XP level 4. HP: 30/34 MP: 7/9
  2480 | D:4      | Found an ancient bone altar of Kikubaaqudgha.
  2515 | D:4      | Reached skill level 5 in Unarmed Combat
  2520 | D:4      | Learned a level 3 spell: Spider Form
  2981 | D:4      | Reached XP level 5. HP: 33/39 MP: 8/10
  3094 | D:4      | Reached skill level 1 in Poison Magic
  3326 | D:4      | Noticed a giant frog
  3841 | D:3      | Shot with an arrow by a centaur

Action                   |  1- 3 |  4- 6 || total
-------------------------+-------+-------++-------
Melee: Unarmed           |   128 |    54 ||   182
 Cast: Beastly Appendage |    34 |     9 ||    43
       Sticks to Snakes  |    12 |       ||    12
       Spider Form       |       |     1 ||     1
  Use: Potion            |     1 |       ||     1
       Scroll            |     6 |     2 ||     8
 Stab: Sleeping          |     2 |     1 ||     3
  Eat: Chunk             |     7 |     3 ||    10
       Meat ration       |       |     1 ||     1
